 Dungeon Crawl Stone Soup version 0.29-a0-557-g43b9904bd1 (webtiles) character file.

Game seed: 2470753517077068762

391 bande the Covered (level 6, -5/58 HPs)
             Began as a Gargoyle Fighter on June 8, 2022.
             Slain by Menkaure (8 damage)
             ... on level 4 of the Dungeon.
             The game lasted 00:06:39 (4458 turns).

bande the Covered (Gargoyle Fighter)                Turns: 4458, Time: 00:06:39

Health: -5/58      AC: 21    Str: 19    XL:     6   Next: 80%
Magic:  6/6        EV:  5    Int:  9    God:
Gold:   155        SH:  4    Dex: 11    Spells: 5/5 levels left

rFire   . . .      SeeInvis .   a - +1 war axe (vorpal)
rCold   . . .      Faith    .   c - +0 buckler
rNeg    + . .      Spirit   .   k - +0 plate armour
rPois   ∞          Reflect  .   o - +0 helmet
rElec   +          Harm     .   e - +0 cloak
rCorr   .          Rampage  .   i - +1 pair of gloves
Will    .....                   (no boots)
Stlth   ..........              (no amulet)
HPRegen 0.19/turn               (no ring)
MPRegen 0.10/turn               (no ring)

@: berserking, very quick
A: sickness immunity, AC +4, negative energy resistance 1, electricity
resistance, torment resistance 1, petrification resistance
a: no special abilities


You were on level 4 of the Dungeon.
You visited 1 branch of the dungeon, and saw 4 of its levels.

You collected 155 gold pieces.

Inventory:

Hand Weapons
 a - a +1 vorpal war axe (weapon)
 l - a +0 flail
Armour
 c - a +0 buckler (worn)
 e - a +0 cloak (worn)
 i - a +1 pair of gloves (worn)
 k - a +0 plate armour (worn)
 o - a +0 helmet (worn)
Jewellery
 f - a ring of ice
Wands
 j - a wand of flame (13)
Scrolls
 b - a scroll of enchant weapon
 g - a scroll of fog {unknown}
 h - a scroll of teleportation
 m - a scroll of brand weapon
Potions
 d - a potion of might


   Skills:
 + Level 4.4 Fighting
 + Level 4.3 Axes
 + Level 4.7 Armour
 - Level 0.1 Dodging
 + Level 4.2 Shields
 * Level 0.9 Evocations


You had 5 spell levels left.
You didn't know any spells.
Your spell library was empty.

Dungeon Overview and Level Annotations

Branches:
Dungeon (4/15)
 Temple: D:4-7

Altars:
Makhleb

Shops:
D:2 *   D:3 ([(:

Annotations:
D:4 Menkaure


Innate Abilities, Weirdness & Mutations

You are immune to sickness and miasma.
Your stone body is resilient. (AC +4)
You are immune to poison.
You resist negative energy. (rN+)
You are resistant to electric shocks. (rElec)
You are resistant to unholy torment.
You are immune to petrification.


Message History

Menkaure casts a spell.
Menkaure seems to speed up.
The endoplasm hits you but does no damage.
There is a stone staircase leading up here.
You barely miss the endoplasm.
The endoplasm hits you but does no damage.
The endoplasm hits you.
You hit the endoplasm but do no damage. The endoplasm freezes you.
You are frozen.
Menkaure closely misses you.
You hit Menkaure but do no damage. You hit the endoplasm but do no damage.
Menkaure hits you but does no damage. The endoplasm completely misses you.
You hit Menkaure.
Menkaure is moderately damaged.
You hit the endoplasm. You hit the goblin.
You kill the goblin!
Menkaure breathes soot at you. Menkaure hits you!
The endoplasm hits you but does no damage.
Menkaure hits you!
* * * LOW HITPOINT WARNING * * *
You completely miss Menkaure.
Menkaure is moderately damaged.
You completely miss the endoplasm.
The endoplasm hits you but does no damage.
Menkaure giggles, "These cerements are ticklish..."
Menkaure hits you but does no damage. You block the endoplasm's attack.
Menkaure gestures at you while chanting.
Pain shoots through your body!
* * * LOW HITPOINT WARNING * * *
You slash Menkaure!
Menkaure is heavily damaged.
You barely miss the endoplasm.
Menkaure gestures at you while chanting.
Pain shoots through your body!
* * * LOW HITPOINT WARNING * * *
The endoplasm hits you but does no damage.
A red film seems to cover your vision as you go berserk!
You feel yourself moving faster!
You feel mighty! Menkaure hits you!
You die...

#.......≈≈
#......≈..
#......≈..
#.......≈≈ ≈≈
#......... .≈≈
#.........
+##≈###+#MJ......≈
...≈......@).....≈
..................
..................
..................
..............###≈
.............#.#
#########....##.#
#.......#....# .
#.......#....# .


You could see Menkaure (fast) and an endoplasm.

Vanquished Creatures
  A scorpion (D:4)
  An orc priest (D:3)
  Terence (D:3)
  2 iguanas (D:4)
  Robin (D:4)
  7 gnolls
  5 adders
  A worm (D:2)
  4 dart slugs
  3 orcs (D:3)
  7 ball pythons
  8 bats
  3 endoplasms
  3 giant cockroaches
  16 goblins
  9 hobgoblins
  4 jackals (D:3)
  A quokka (D:1)
  5 frilled lizards
  6 kobolds
  6 rats
94 creatures vanquished.

Notes
Turn   | Place    | Note
-------+----------+-------------------------------------------
     0 | D:1      | bande the Gargoyle Fighter began the quest for the Orb.
     0 | D:1      | Reached XP level 1. HP: 14/14 MP: 1/1
   109 | D:1      | Reached XP level 2. HP: 19/19 MP: 2/2
   593 | D:1      | Reached XP level 3. HP: 11/24 MP: 3/3
  1717 | D:2      | Found Modoabli's Assorted Antiques.
  1851 | D:2      | Reached XP level 4. HP: 17/29 MP: 4/4
  1952 | D:2      | Found a faded altar of an unknown god.
  2538 | D:3      | Noticed Terence
  2546 | D:3      | Killed Terence
  2547 | D:3      | Reached XP level 5. HP: 33/33 MP: 5/5
  2559 | D:3      | Found Ufibaepe's Armour Boutique.
  2566 | D:3      | Found Zach's Weapon Shoppe.
  3472 | D:3      | Found Vikios's Weapon Shop.
  3661 | D:3      | Found Caefees's Book Shop.
  4019 | D:3      | Reached XP level 6. HP: 33/38 MP: 6/6
  4121 | D:4      | Found a burning altar of Makhleb.
  4315 | D:4      | Noticed Robin
  4332 | D:4      | Killed Robin
  4449 | D:4      | Noticed Menkaure
  4458 | D:4      | Slain by Menkaure

Illustrated notes

Levels and vault maps discovered:
D:1:      dpeg_arrival_oval, layout_loops_corners, serial_park_tiny_pond,
          kennysheep_decorative_pillar, glass_columns_b
D:2:      layout_basic, hellmonk_ecumenical_altar_pennies_from_heaven,
          serial_shops, nicolae_lakefront_shop
D:3:      layout_basic, serial_shops, nicolae_diamond_shop,
          nicolae_shop_advertising_works [nicolae_subvault_shop_adworks],
          nicolae_diamond_shop, shop, uniq_terence
D:4:      cheibrodos_helix_gallery, layout_gridville, lemuel_tele_altar,
          nicolae_ashenzari_panopticon, mainiacjoe_overflow_six_doors_small,
          kennysheep_little_box, serial_rivers, chequers_serial_rivers_room_b,
          chequers_serial_rivers_small_a, chequers_serial_rivers_small_3,
          chequers_serial_rivers_large_a, gammafunk_ghost_necromancy,
          nicolae_elemental_shop, minmay_pentomino_pile, uniq_natasha,
          uniq_robin, uniq_pikel, uniq_menkaure

Skill      XL: |  1  2  3  4  5  6 |
---------------+-------------------+-----
Axes           | 2 3 4 |  4.3
Armour         | 4 |  4.7
Fighting       | 4 |  4.4
Shields        | 4 |  4.2
Dodging        | |  0.1
Evocations     | |  0.9

Action                   |  1- 3 |  4- 6 || total
-------------------------+-------+-------++-------
Melee: War axe           |   110 |   168 ||   278
  Use: Scroll            |     5 |     4 ||     9
       Potion            |       |     1 ||     1
Armor: Scale mail        |    50 |       ||    50
       Plate armour      |    31 |   143 ||   174
Dodge: Dodged            |    53 |    52 ||   105
Block: Buckler           |    21 |    37 ||    58

Table legend: (Time is in decaauts)
 A = Elapsed time spent in this place.
 B = Non-inter-level travel time spent in this place.
 C = Inter-level travel time spent in this place.
 D = Time resting spent in this place.
 E = Time spent auto-exploring this place.
 F = Levels seen in this place.
 G = Mean time per level.
                   A        B        C        D        E       F      G
               +--------+--------+--------+--------+--------+-----+--------+
         Total |   4568 |   4384 |    184 |    766 |   2862 |   4 | 1142.0 |
       Dungeon |   4568 |   4384 |    184 |    766 |   2862 |   4 | 1142.0 |
               +--------+--------+--------+--------+--------+-----+--------+

Top non-repeatable levels by time:
     D:1: 1616 daAuts
     D:2: 1341 daAuts
     D:3: 1246 daAuts
     D:4: 363 daAuts
